 Dungeon Crawl Stone Soup version 0.24.0-13-gcf9b319 (webtiles) character file.

Game seed: 3680564232151769199, levelgen mode: deterministic

265 Bronimir the Chopper (level 5, -3/45 HPs)
             Began as a Centaur Gladiator on Apr 29, 2020.
             Slain by an ogre
             ... wielding a +0 giant spiked club
              (25 damage)
             ... on level 4 of the Dungeon.
             The game lasted 00:03:41 (3077 turns).

Bronimir the Chopper (Centaur Gladiator)            Turns: 3077, Time: 00:03:42

Health: -3/45      AC:  7    Str: 20    XL:     5   Next: 99%
Magic:  5/5        EV:  8    Int:  7    God:
Gold:   172        SH:  0    Dex: 10    Spells: 4/4 levels left

rFire    . . .     SeeInvis .   a - +4 quarterstaff (chaos)
rCold    . . .     Gourm    .   (shield currently unavailable)
rNeg     . . .     Faith    .   u - +0 scale mail
rPois    .         Spirit   .   c - +0 helmet
rElec    .         Reflect  .   p - scarf {repulsion}
rCorr    .         Harm     .   (no gloves)
MR       .....                  (no barding)
Stlth    ..........             l - amulet of regeneration
HPRegen  0.55/turn              h - +2 ring of strength
MPRegen  0.09/turn              (no ring)

@: repel missiles, very quick
A: large, hooves 3, deformed body, speed 2, tough skin 3
a: no special abilities


You were on level 4 of the Dungeon.
You were not hungry.

You visited 1 branch of the dungeon, and saw 4 of its levels.

You collected 172 gold pieces.

Inventory:

Hand Weapons
 a - a +4 quarterstaff of chaos (weapon)
 r - a +0 war axe
Missiles
 d - 3 throwing nets (quivered)
 e - 47 stones
 o - 39 sling bullets
Armour
 c - a +0 helmet (worn)
 p - a scarf of repulsion (worn)
 u - a +0 scale mail (worn)
Jewellery
 h - a +2 ring of strength (left hand)
 l - an amulet of regeneration (around neck)
Wands
 g - a wand of enslavement (5)
 v - a wand of disintegration (14)
Scrolls
 b - 2 scrolls of fog
 m - a scroll of noise {unknown}
 n - a scroll of identify
 t - a scroll of fear {unknown}
Potions
 i - 5 potions of curing
 j - a potion of invisibility {unknown}
 k - 2 potions of heal wounds {unknown}
 q - a potion of haste {unknown}
 s - a potion of mutation {unknown}
Comestibles
 f - 6 rations


   Skills:
 * Level 3.1 Fighting
 + Level 4.4 Axes
 * Level 0.9 Staves
 + Level 2.3 Throwing
 * Level 1.5 Armour
 * Level 2.8 Dodging
 + Level 0.1 Stealth


You had 4 spell levels left.
You didn't know any spells.
Your spell library was empty.

Dungeon Overview and Level Annotations

Branches:
Dungeon (4/15)
 Temple: D:4-7

Altars:
Fedhas


Innate Abilities, Weirdness & Mutations

You have hooves in place of feet.
Armour fits poorly on your strangely shaped body.
You cover ground very quickly.
You have extremely tough skin. (AC +3)


Message History

You barely miss the ogre.
The ogre is moderately wounded.
The ogre barely misses you.
The adder skeleton bites you but does no damage.
An orc comes into view. It is wielding a +0 hand axe.
You hit the ogre.
You hear strange and distant voices.
Your kick misses the ogre.
The ogre is moderately wounded.
The adder skeleton bites you.
The ogre hits you with a +0 giant spiked club!
The adder barely misses you.
An orc comes into view. It is wielding a +0 whip.
The adder skeleton barely misses you.
You closely miss the adder skeleton. You kick the adder skeleton!
The adder skeleton is almost destroyed.
The adder bites you but does no damage.
The ogre hits you with a +0 giant spiked club!!
Ouch! That really hurt!
You die...

#........? ..
#......... ..#
#.........
..#.##.........
..#.#.....>....
###!...........
............##
.##....Z.....##
.......@....o..
.......SO......
####.........o.
##.......#..
#...)..## .
....#### ##..##
##.


You could see an ogre, an adder, 2 orcs and an adder skeleton.

Vanquished Creatures
  An ice beast (D:3)
  Crazy Yiuf (D:3)
  Ijyb (D:3)
  5 adders
  2 worms (D:2)
  2 dart slugs
  2 leopard geckos
  An orc (D:3)
  A ball python (D:2)
  9 bats
  4 giant cockroaches
  5 goblins
  6 hobgoblins
  3 jackals (D:3)
  5 frilled lizards
  8 kobolds
  9 rats
65 creatures vanquished.

Notes
Turn   | Place    | Note
-------+----------+-------------------------------------------
     0 | D:1      | Bronimir the Centaur Gladiator began the quest for the Orb.
     0 | D:1      | Reached XP level 1. HP: 17/17 MP: 1/1
   111 | D:1      | Reached XP level 2. HP: 24/24 MP: 2/2
   508 | D:1      | Reached skill level 3 in Axes
   896 | D:2      | Reached XP level 3. HP: 18/29 MP: 3/3
  2371 | D:3      | Found a blossoming altar of Fedhas.
  2454 | D:3      | Reached XP level 4. HP: 37/37 MP: 4/4
  2547 | D:3      | Found a runed translucent door.
  2548 | D:3      | Noticed Crazy Yiuf
  2608 | D:3      | Killed Crazy Yiuf
  2608 | D:3      | Reached skill level 4 in Axes
  2608 | D:3      | Reached skill level 1 in Armour
  2769 | D:3      | Reached XP level 5. HP: 41/42 MP: 5/5
  2807 | D:3      | Noticed Ijyb
  2810 | D:3      | Noticed an ice beast
  2815 | D:3      | Killed Ijyb
  2882 | D:3      | Killed an ice beast
  3072 | D:4      | Noticed an ogre
  3077 | D:4      | Slain by an ogre

Levels and vault maps discovered:
D:1:      tarquinn_simple_flora_water_e, layout_loops_ring, lemuel_old_faithful
D:2:      layout_basic
D:3:      layout_rooms, fedhas_altar_1, uniq_crazy_yiuf_cottage, uniq_ijyb
D:4:      layout_cave_pools, gammafunk_ghost_mausoleum, first_ration,
          kennysheep_another_room, uniq_blork_the_orc

Skill      XL: |  1  2  3  4  5 |
---------------+----------------+-----
Axes           | 3 4 |  4.4
Armour         | 1 |  1.5
Fighting       | 3 |  3.1
Staves         | |  0.9
Throwing       | |  2.3
Dodging        | |  2.8
Stealth        | |  0.1

Action                   |  1- 3 |  4- 6 || total
-------------------------+-------+-------++-------
Melee: War axe           |   104 |    23 ||   127
       Kick              |    17 |    10 ||    27
       Quarterstaff      |       |    23 ||    23
  Use: Scroll            |     6 |       ||     6
  Eat: Chunk             |     3 |     2 ||     5
Armor: Leather armour    |    14 |       ||    14
       Scale mail        |    28 |    35 ||    63
       Ring mail         |     8 |       ||     8
Dodge: Dodged            |    52 |    24 ||    76
       Deflected         |     3 |     2 ||     5
